 Dungeon Crawl Stone Soup version 0.31.0-11-ge490571c62 (webtiles) character file.

Game seed: 8910590605540185358

4235 Curundu the Cleaver (level 10, -1/118 (129) HPs)
             Began as a Minotaur Berserker on Feb 6, 2024.
             Was a Priest of Trog.
             Slain by a wight
             ... wielding a +5 spear
              (5 damage)
             ... on level 8 of the Dungeon.
             The game lasted 00:17:38 (6642 turns).

Curundu the Cleaver (Minotaur Berserker)            Turns: 6642, Time: 00:17:39

HP:   -1/118 (129)  AC: 16    Str: 26    XL:     10   Next: 9%
MP:   0/9           EV:  9    Int:  4    God:    Trog [***...]
Gold: 608           SH:  0    Dex: 10    Spells: 9/9 levels left

rFire   . . .        C - +2 hand axe (venom)
rCold   . . .        (no shield)
rNeg    . . .        b - +0 plate armour
rPois   +            (helmet restricted)
rElec   .            (no cloak)
rCorr   .            n - +1 pair of gloves
SInv    .            (no boots)
Will    ++...        w - amulet of guardian spirit Stlth
                     d - ring of poison resistance
HPRegen 1.39/turn    (no ring)
MPRegen 0.11/turn

%: guardian spirit
@: berserking, strong-willed (expiring), regenerating (expiring), drained, very
quick
A: horns 2, retaliatory headbutt
a: Renounce Religion, Berserk, Trog's Hand


You were on level 8 of the Dungeon.
You worshipped Trog.
Trog was most pleased with you.
You visited 1 branch of the dungeon, and saw 8 of its levels.

You collected 608 gold pieces.

Inventory:

Hand Weapons
 z - a +2 whip of flaming
 C - a +2 hand axe of venom (weapon)
Missiles
 o - 4 javelins (quivered)
Armour
 b - a +0 plate armour (worn)
 n - a +1 pair of gloves (worn)
Jewellery
 d - a ring of poison resistance (left hand)
 u - a ring of positive energy
 w - an amulet of guardian spirit (around neck)
Wands
 a - a wand of digging (4)
 A - a wand of flame (32)
 B - a wand of paralysis (7)
Scrolls
 c - a scroll of poison
 h - a scroll of immolation {unknown}
 j - 2 scrolls of enchant armour
 m - 2 scrolls of teleportation
 q - 4 scrolls of identify
 r - a scroll of noise
 v - a scroll of revelation
Potions
 e - 2 potions of curing {unknown}
 f - a potion of invisibility {unknown}
 g - a potion of brilliance {unknown}
 i - 2 potions of heal wounds {unknown}
 k - 2 potions of cancellation
 l - a potion of mutation {unknown}
 p - a potion of magic {unknown}
 s - a potion of berserk rage {unknown}
 t - a potion of haste {unknown}


   Skills:
 + Level 7.4 Fighting
 + Level 10.6 Axes
 + Level 8.2 Armour
 * Level 6.0 Dodging
 - Level 0.1 Stealth
 * Level 5.6 Shields
 * Level 4.2 Evocations


You had 9 spell levels left.
You didn't know any spells.
Your spell library was empty.

Dungeon Overview and Level Annotations

Branches:
Dungeon (8/15)             Temple (0/1) D:4
   Lair: D:8-11

Altars:
Ashenzari
Elyvilon
Vehumet
Zin
The Shining One

Shops:
D:5 *?


Innate Abilities, Weirdness & Mutations

You have a pair of horns on your head.
You reflexively headbutt those who attack you in melee.


Message History

Trog accepts your kill.
The howler monkey hoots and howls with incredible vigour!
The wight barely misses you. The orc misses you.
Your Dodging skill increases to level 6!
You slash the orc!
You feel the power of Trog in you as your rage grows.
You kill the orc!
Trog accepts your kill.
You closely miss the wight.
The wight hits you from afar with a +2 spear.
* * * LOW HITPOINT WARNING * * *
You feel drained.
* * * LOW HITPOINT WARNING * * *
You hit the wight.
The wight is moderately damaged.
The howler monkey hoots and howls with incredible vigour!
The wight completely misses you. The wight hits you with a +3 hand axe.
* * * LOW HITPOINT WARNING * * *
You feel drained.
You slash the wight!
You destroy the wight!
Trog accepts your kill.
The howler monkey hoots and howls with incredible vigour!
The wight closely misses you. The wight barely misses you.
Items here: $ ( ))))) [[[[[.
You slash the wight! Your punch misses the wight.
The wight is heavily damaged.
The wight hits you but does no damage. x2
The orc priest invokes the aid of Beogh against you.
Beogh smites you!
* * * LOW HITPOINT WARNING * * *
You completely miss the wight.
The wight is heavily damaged.
You hit the wight but do no damage.
The wight is heavily damaged.
You hit the howler monkey.
The howler monkey is poisoned.
You feel the effects of Trog's Hand fading.
The wight hits you but does no damage. The wight hits you with a +5 spear.
You die...

#'##..######+# #............#
#............# #............#
#............#.. #............'..
#...h.......z#.. #...zhz......#
####+#... ####@)####...#
........##+##.##'#####...#
........#.......).........#
........#.................#
........#.................#
........#.....o.........
........#...............
........#####o###+###############
..#####.........................#


You could see 2 howler monkeys, 2 wights, an orc priest and an orc wizard.

Vanquished Creatures
  A two-headed ogre (D:7)
  Pikel (D:6)
  Grinder (D:5)
  A wyvern (D:7)
  A steam dragon (D:7)
  2 water moccasins
  An ice beast (D:8)
  An orc warrior (D:8)
  2 sky beasts
  2 black bears
  2 centaurs (D:8)
  A phantom (D:5)
  A lemure (D:6)
  2 kobold brigands
  3 bullfrogs
  Blork the orc (D:5)
  2 scorpions (D:6)
  7 wights (D:8)
  2 killer bees (D:8)
  2 howler monkeys
  A crimson imp (D:4)
  2 jellies
  A bombardier beetle (D:6)
  4 hounds
  An orc priest (D:5)
  3 sleepcaps
  4 iguanas
  4 orc wizards
  Robin (D:4)
  8 adders
  A dart slug (D:5)
  2 ribbon worms (D:2)
  17 orcs
  2 ball pythons (D:3)
  6 endoplasms
  3 giant cockroaches
  16 goblins
  7 hobgoblins
  5 quokkas
  A bat (D:1)
  6 frilled lizards
  A goblin zombie (D:4)
  5 hobgoblin zombies (D:4)
  10 kobolds
  A kobold skeleton (D:4)
  2 kobold zombies (D:4)
  An orc skeleton (D:4)
  An orc zombie (D:4)
  4 rats
156 creatures vanquished.

Vanquished Creatures (others)
  A butterfly (D:4)
1 creature vanquished.

Grand Total: 157 creatures vanquished

Notes
Turn   | Place    | Note
-------+----------+-------------------------------------------
     0 | D:1      | Curundu the Minotaur Berserker began the quest for the Orb.
     0 | D:1      | Reached XP level 1. HP: 19/19 MP: 0/0
   244 | D:1      | Reached skill level 4 in Axes
   244 | D:1      | Reached XP level 2. HP: 26/27 MP: 1/1
   704 | D:2      | Reached XP level 3. HP: 32/34 MP: 2/2
   821 | D:2      | You fall into a shaft and drop 1 floor!
  1441 | D:2      | Reached XP level 4. HP: 41/41 MP: 3/3
  1691 | D:3      | Reached ** piety under Trog
  1796 | D:3      | Reached skill level 5 in Fighting
  2166 | D:4      | Reached skill level 5 in Axes
  2166 | D:4      | Found a glowing golden altar of the Shining One.
  2191 | D:4      | Reached XP level 5. HP: 46/48 MP: 4/4
  2277 | D:4      | Noticed a sky beast
  2309 | D:4      | Killed a sky beast
  2310 | D:4      | Reached skill level 6 in Axes
  2310 | D:4      | Reached XP level 6. HP: 45/56 MP: 5/5
  2593 | D:4      | Noticed Robin
  2602 | D:4      | Reached *** piety under Trog
  2619 | D:4      | Killed Robin
  2780 | D:4      | Found a staircase to the Ecumenical Temple.
  2850 | D:4      | Reached skill level 7 in Axes
  2990 | D:4      | Found a white marble altar of Elyvilon.
  3062 | D:4      | Reached skill level 1 in Shields
  3062 | D:4      | Reached XP level 7. HP: 54/61 MP: 6/6
  3087 | D:4      | Found a radiant altar of Vehumet.
  3241 | D:5      | Entered Level 5 of the Dungeon
  3241 | D:5      | Noticed Grinder
  3248 | D:5      | Killed Grinder
  3249 | D:5      | Reached skill level 5 in Armour
  3249 | D:5      | Reached skill level 1 in Evocations
  3451 | D:5      | Noticed Blork the orc
  3463 | D:5      | Killed Blork the orc
  3587 | D:5      | Reached skill level 8 in Axes
  3587 | D:5      | Reached XP level 8. HP: 70/70 MP: 7/7
  3602 | D:5      | Found a broken altar of Ashenzari.
  3681 | D:5      | Found Meguhad's Magic Scroll Boutique.
  3855 | D:5      | Found Zin's Purification Station.
  3856 | D:5      | Found a glowing silver altar of Zin.
  4021 | D:6      | Noticed Pikel
  4034 | D:6      | Killed Pikel
  4342 | D:6      | Reached skill level 9 in Axes
  4601 | D:6      | Identified the +0 leather armour "Oxuerr" {rC++}
  4987 | D:6      | Reached XP level 9. HP: 78/78 MP: 8/8
  5185 | D:7      | Reached skill level 5 in Dodging
  5483 | D:7      | Noticed a two-headed ogre
  5493 | D:7      | Killed a two-headed ogre
  5494 | D:7      | Reached skill level 10 in Axes
  5785 | D:7      | Reached skill level 5 in Shields
  6617 | D:8      | Reached XP level 10. HP: 70/85 MP: 6/9
  6640 | D:8      | HP: 3/118 [orc priest/divine providence (7)]
  6642 | D:8      | Slain by a wight

Illustrated notes

Levels and vault maps discovered:
D:1:      dpeg_arrival_rooms_a, layout_basic
D:2:      layout_loops_ring
D:3:      minmay_evil_eye, layout_basic, hangedman_decor_push
D:4:      layout_cave_pods, marbit_many_paths, nicolae_elyvilon_peaceful_grove,
          nicolae_tso_besieged_by_evil, temple_hall, uniq_robin
D:5:      layout_cave_pools, amcnicky_altar_gilded, zin_purify, serial_shops,
          shop, uniq_blork_the_orc, uniq_grinder
D:6:      layout_basic, nicolae_tricolors, uniq_pikel
D:7:      layout_layer_cave
D:8:      layout_gridville, minmay_increasing_density

Skill      XL: |  1  2  3  4  5  6  7  8  9 10 |
---------------+-------------------------------+-----
Axes           | 4 5 6 7 8 9 10 | 10.6
Fighting       | 4 5 6 7 |  7.4
Armour         | 3 4 5 6 8 |  8.2
Shields        | 1 2 3 5 |  5.6
Dodging        | 3 4 5 6 |  6.0
Evocations     | 1 2 4 |  4.2
Stealth        | |  0.1

Action                     |  1- 3 |  4- 6 |  7- 9 | 10-12 || total
---------------------------+-------+-------+-------+-------++-------
  Melee: Hand axe          |    87 |   163 |   208 |    22 ||   480
         Headbutt          |    11 |    27 |    36 |     6 ||    80
         Punch             |       |       |     3 |       ||     3
 Invoke: Trog's Hand       |       |       |     5 |     1 ||     6
         Berserk           |       |       |     3 |     1 ||     4
    Use: Scroll            |       |       |    11 |       ||    11
 Armour: Plate armour      |    57 |   163 |   221 |    32 ||   473
         Animal skin       |     2 |       |       |       ||     2
  Dodge: Dodged            |    31 |    70 |    88 |    21 ||   210
